 Dungeon Crawl Stone Soup version 0.17-a0-2220-g6fea741 (webtiles) character file.

5873 radek the Anointer (level 10, -5/47 (50) HPs)
             Began as a Deep Elf Conjurer on Oct 28, 2015.
             Was a Believer of Vehumet.
             Shot with an arrow of flame by a centaur (10 damage)
             ... on level 10 of the Dungeon.
             The game lasted 00:54:50 (11139 turns).

radek the Anointer (Deep Elf Conjurer)             Turns: 11139, Time: 00:54:50

HP:   -5/47 (50)    AC:  6    Str:  6    XL:     10   Next: 52%
MP:   11/23         EV: 14    Int: 23    God:    Vehumet [**....]
Gold: 451           SH:  0    Dex: 15    Spells: 3 memorised, 12 levels left

rFire  . . .     SeeInvis .     B - +1 trident "Tudghon" {pierce, rElec}
rCold  . . .     Clarity  .     a - +0 robe of Failure {+Blink}
rNeg   . . .     SustAt   .     (no shield)
rPois  .         Gourm    .     s - +2 helmet
rElec  +         Spirit   .     (no cloak)
rCorr  .         Warding  .     (no gloves)
rMut   .         Stasis   .     m - +0 pair of boots
MR     +....                    e - amulet of regeneration
Stlth  +++.......               (no ring)
                                Z - ring of stealth

@: somewhat resistant to hostile enchantments, fairly stealthy
A: no striking features
a: Renounce Religion, Evoke Blink


You were on level 10 of the Dungeon.
You worshipped Vehumet.
Vehumet was pleased with you.
You were not hungry.

You visited 2 branches of the dungeon, and saw 11 of its levels.

You collected 451 gold pieces.

Inventory:

Hand Weapons
 g - a +2 hand axe of holy wrath
 j - a +0 dagger
 o - a +2 short sword of venom
 w - a +3 dagger of holy wrath
 A - a +1 dagger
 B - the +1 trident "Tudghon" (weapon) {pierce, rElec}
   (You found it on level 6 of the Dungeon)

   It inflicts extra damage upon your enemies.
   It insulates you from electricity.
 P - a +1 flail of protection
 S - a +2 dagger of draining
 W - a cursed -3 spear
 X - a +3 halberd
Armour
 a - the +0 robe of Failure (worn) {+Blink}
   (You found it on level 10 of the Dungeon)

   It lets you blink.
 m - a +0 pair of boots (worn)
 s - a +2 helmet (worn)
 t - a +0 leather armour of magic resistance
Jewellery
 e - an amulet of regeneration (around neck)
 Z - a ring of stealth (left hand)
Wands
 i - a wand of cold (6)
 z - a wand of hasting (1)
 E - a wand of random effects (22)
 H - a wand of lightning (13)
 J - a wand of disintegration (10)
 Y - a wand of flame (15)
Scrolls
 d - a scroll of enchant weapon
 h - 4 scrolls of blinking
 p - 3 scrolls of teleportation
 q - a scroll of amnesia
 x - 4 scrolls of recharging {unknown}
 y - 2 scrolls of magic mapping {unknown}
 F - a scroll of immolation {unknown}
 G - 10 scrolls of identify
 M - a scroll of noise {unknown}
 N - a scroll of random uselessness {unknown}
 R - 2 scrolls of fear {unknown}
 V - a scroll of silence {unknown}
Potions
 f - 2 potions of degeneration
 l - 3 potions of curing
 r - a potion of resistance {unknown}
 u - a potion of haste {unknown}
 v - a potion of agility {unknown}
 D - a potion of brilliance {unknown}
 K - 3 potions of poison {unknown}
 O - a potion of berserk rage {unknown}
 T - a potion of might {unknown}
 U - 2 potions of flight {unknown}
Books
 b - a book of Conjurations

   Spells                             Type                      Level
   a - Magic Dart                     Conjuration                  1
   b - Searing Ray                    Conjuration                  2
   c - Dazzling Spray                 Conjuration/Hexes            3
   d - Fulminant Prism                Conjuration/Hexes            4
   e - Iskenderun's Mystic Blast      Conjuration                  4
   f - Iskenderun's Battlesphere      Conjuration/Charms           5
 C - a book of the Tempests

   Spells                             Type                      Level
   a - Static Discharge               Conjuration/Air              3
   b - Lightning Bolt                 Conjuration/Air              5
   c - Fireball                       Conjuration/Fire             5
   d - Tornado                        Air                          9
   e - Shatter                        Earth                        9
 I - a book of Maledictions

   Spells                             Type                      Level
   a - Corona                         Hexes                        1
   b - Ensorcelled Hibernation        Hexes/Ice                    2
   c - Confuse                        Hexes                        3
   d - Tukima's Dance                 Hexes                        3
   e - Dazzling Spray                 Conjuration/Hexes            3
Comestibles
 c - 10 bread rations
 k - 2 meat rations
 n - a beef jerky
 Q - 5 fruits


   Skills:
 - Level 2.6 Armour
 - Level 4.7 Dodging
 - Level 2.4 Stealth
 - Level 7.4 Spellcasting
 - Level 8.9 Conjurations
 - Level 15.8 Charms
 + Level 2.9 Fire Magic


You had 12 spell levels left.
You knew the following spells:

 Your Spells              Type           Power        Failure   Level  Hunger
a - Magic Dart            Conj           ####         1%          1    None
b - Iskenderun's Battles  Conj/Chrm      ######..     1%          5    #####..
c - Fireball              Conj/Fire      #####.....   21%         5    #####..


Dungeon Overview and Level Annotations

Branches:
Dungeon (10/15)            Temple (1/1) D:6            Lair (0/8) D:10
    Orc: D:9-12

Altars:
Ashenzari
Cheibriados
Dithmenos
Elyvilon
Fedhas
Gozag
Kikubaaqudgha
Makhleb
Nemelex Xobeh
Okawaru
Qazlal
Ru
Sif Muna
Trog
Vehumet
Xom
Yredelemnul
Zin
The Shining One

Shops:
D:8 %   D:10 =

Annotations:
D:4 Sigmund


Message History

Aiming: Magic Dart
Press: ? - help, Shift-Dir - straight line, f/p - centaur
Aim: a centaur, wielding a shortbow of flaming (lightly wounded)
Okay, then.
Casting: Magic Dart
Confirm with . or Enter, or press ? or * to list all spells.
You conjure a globe of magical energy.
The centaur shoots an arrow.
The arrow hits you!
* * * LOW HITPOINT WARNING * * *
The arrow burns you!
* * * LOW HITPOINT WARNING * * *
An arrow appears from out of your range of vision.
The arrow hits your battlesphere!
The centaur shoots an arrow of flame.
The arrow of flame closely misses you.
An arrow appears from out of your range of vision.
The arrow hits your battlesphere!
The centaur shoots an arrow.
The arrow hits your battlesphere.
Your battlesphere is destroyed!
The centaur shoots an arrow of flame.
The arrow of flame hits you!
You die...

≈≈≈≈≈.)...)≈≈≈≈≈≈≈≈≈≈≈.
...≈ ≈≈≈≈≈≈cc≈≈≈≈≈≈≈≈≈≈≈≈≈
.... ≈≈≈≈≈≈≈≈≈≈≈≈≈≈≈≈≈≈≈##
..... ≈≈≈≈≈≈≈≈≈≈≈≈≈≈≈....#
..... #.#≈≈≈≈≈≈≈≈........#
...#.. #..(..≈≈≈≈..........
......###(.(...............
........((§................
.....#..##@................
... #.....................
. #......##.............
.......### #...........
##..#..#.# #.#..........
##....##.##.##..........
#...##.#).# ##.........
##...##.#.(# ##.........
#.....##.##.##...<......


You could see 2 centaurs.

Vanquished Creatures
  Pikel (D:7)
  A spriggan (D:9)
  An ice beast (D:7)
  Eustachio (D:4)
  A wyvern (D:9)
  A hungry ghost (D:9)
  2 hippogriffs
  A water moccasin (D:6)
  4 sky beasts
  Duvessa (D:7)
  3 orc warriors
  A phantom (D:5)
  2 black bears
  2 ogres
  3 centaurs
  2 necrophages
  2 big kobolds
  2 giant frogs
  Dowan (D:7)
  A water moccasin zombie (D:6)
  2 gnoll sergeants (D:9)
  3 scorpions
  5 wights (D:6)
  5 killer bees (D:8)
  5 hounds
  5 crimson imps
  A giant frog zombie (D:10)
  2 quasits
  9 orc priests
  A giant frog skeleton (D:10)
  A jelly (D:5)
  8 orc wizards
  6 worker ants
  A hound skeleton (D:5)
  A hound zombie (D:6)
  2 worker ant zombies
  17 gnolls
  11 adders
  2 shadow imps
  An ooze (D:5)
  3 worms
  6 giant geckos
  30 orcs
  10 bats
  8 giant cockroaches
  10 hobgoblins
  7 jackals
  6 quokkas
  A ball python (D:3)
  A giant cockroach zombie (D:6)
  6 giant newts
  10 goblins
  2 jackal skeletons (D:6)
  15 kobolds
  2 quokka skeletons
  10 rats
248 creatures vanquished.

Vanquished Creatures (others)
  A slave (D:7)
  An orc (D:7)
  A kobold (D:9)
3 creatures vanquished.

Grand Total: 251 creatures vanquished

Notes
Turn   | Place    | Note
--------------------------------------------------------------
     0 | D:1      | radek the Deep Elf Conjurer began the quest for the Orb.
     0 | D:1      | Reached XP level 1. HP: 10/10 MP: 6/6
   204 | D:1      | Reached XP level 2. HP: 15/15 MP: 6/8
   344 | D:1      | Reached skill level 5 in Conjurations
  1252 | D:2      | Reached XP level 3. HP: 11/19 MP: 1/9
  1677 | D:2      | Found a blossoming altar of Fedhas.
  1683 | D:2      | Reached skill level 6 in Conjurations
  2035 | D:3      | Reached XP level 4. HP: 24/24 MP: 3/10
  2702 | D:3      | Reached skill level 7 in Conjurations
  2702 | D:3      | Reached XP level 5. HP: 28/28 MP: 8/11
  2709 | D:3      | Learned a level 5 spell: Iskenderun's Battlesphere
  2761 | D:3      | Reached skill level 1 in Charms
  2923 | D:3      | Noticed a moth of wrath
  2926 | D:3      | Found a bloodstained altar of Trog.
  3492 | D:4      | Reached skill level 5 in Charms
  3492 | D:4      | Reached XP level 6. HP: 32/32 MP: 3/12
  3903 | D:4      | Noticed Eustachio
  3932 | D:4      | Killed Eustachio
  3932 | D:4      | Reached XP level 7. HP: 36/36 MP: 0/13
  4056 | D:4      | Found a sacrificial altar of Ru.
  4063 | D:4      | Noticed an ogre
  4068 | D:4      | Killed an ogre
  4068 | D:4      | Reached skill level 8 in Charms
  4161 | D:4      | Reached skill level 9 in Charms
  4786 | D:4      | Noticed Sigmund
  4805 | D:5      | Entered Level 5 of the Dungeon
  4807 | D:5      | HP: 1/36 [orc priest/nerve-wracking pain (12)]
  4829 | D:5      | Reached skill level 10 in Charms
  5254 | D:5      | Found an iron altar of Okawaru.
  5260 | D:5      | Reached XP level 8. HP: 41/41 MP: 4/14
  5381 | D:5      | Reached skill level 11 in Charms
  5837 | D:6      | Reached skill level 12 in Charms
  6129 | D:6      | Got a fine trident
  6130 | D:6      | Identified the cursed +1 trident "Tudghon" {pierce, rElec} (You found it on level 6 of the Dungeon)
  6160 | D:6      | Found a staircase to the Ecumenical Temple.
  6188 | Temple   | Entered the Ecumenical Temple
  6260 | Temple   | Became a worshipper of Vehumet
  6557 | D:6      | Reached skill level 13 in Charms
  7118 | D:6      | Reached skill level 14 in Charms
  7377 | D:7      | Found an opulent altar of Gozag.
  7410 | D:7      | Reached XP level 9. HP: 45/45 MP: 7/15
  7424 | D:7      | Noticed Duvessa
  7424 | D:7      | Noticed Dowan
  7430 | D:7      | Killed Duvessa
  7435 | D:7      | Killed Dowan
  7583 | D:7      | Noticed Pikel
  7628 | D:7      | Killed Pikel
  7628 | D:7      | Reached skill level 15 in Charms
  7985 | D:7      | Reached * piety under Vehumet
  7985 | D:7      | Offered knowledge of Shock by Vehumet.
  7991 | D:7      | Reached skill level 1 in Armour
  8436 | D:8      | Reached skill level 5 in Spellcasting
  8677 | D:8      | Reached XP level 10. HP: 50/50 MP: 8/20
  8927 | D:8      | Offered knowledge of Sting by Vehumet.
  8970 | D:8      | Reached ** piety under Vehumet
  9017 | D:8      | Found Zocics's Food Boutique.
  9906 | D:9      | Found a basalt altar of Yredelemnul.
 10026 | D:9      | Found a stormy altar of Qazlal.
 10027 | D:9      | Found a snail-covered altar of Cheibriados.
 10635 | D:10     | Entered Level 10 of the Dungeon
 10649 | D:10     | Learned a level 5 spell: Fireball
 10768 | D:10     | Found a staircase to the Lair.
 10812 | D:10     | Found Ziusm's Jewellery Boutique.
 10827 | D:10     | Reached skill level 1 in Fire Magic
 11064 | D:10     | Got a slimy robe
 11074 | D:10     | Identified the cursed +0 robe of Failure {+Blink} (You found it on level 10 of the Dungeon)
 11139 | D:10     | Shot with an arrow of flame by a centaur

Vault maps used:
D:1:      lemuel_arrival_tunnels, kennysheep_small_spiral,
          kennysheep_minor_cross, minmay_statues_item
D:2:      fedhas_altar_2
D:3:      tgw_trog, first_bread
D:4:      hangedman_ru_absence, uniq_eustachio, uniq_sigmund
D:5:      lemuel_round_altar
D:6:      minmay_temple_entry_large_hall, hex_tiny, grunt_potential
D:7:      nicolae_gozag_seed_capital, uniq_duvessa, uniq_pikel
D:8:      serial_shops, nicolae_shop_stone
D:9:      kennysheep_mini_moat, grunt_temple_overflow_open, serial_corexii_hall,
          corexii_hall_statues_deadend, corexii_hall_statues_i,
          corexii_hall_statues_i, corexii_hall_statues_i, the_bakery
D:10:     lair_0_dummy, orc_0_dummy, serial_shops, shop, minivault_22,
          centaur_isle
Temple:   circular_temple_pool_12

Action                   |  1- 3 |  4- 6 |  7- 9 | 10-12 || total
-------------------------+-------+-------+-------+-------++-------
Melee: Dagger            |     1 |       |    17 |       ||    18
       Trident           |       |       |    39 |       ||    39
 Cast: Magic Dart        |    85 |   124 |   224 |   116 ||   549
       Iskenderun's Batt |       |     4 |    31 |    20 ||    55
       Fireball          |       |       |       |     1 ||     1
 Abil: Evoke Blink       |       |       |       |     1 ||     1
  Use: Scroll            |       |     6 |     1 |     2 ||     9
       Potion            |       |       |     3 |       ||     3
 Stab: Invisible         |       |       |     3 |       ||     3
       Sleeping          |       |       |     1 |       ||     1
  Eat: Chunk             |     3 |     6 |     6 |     8 ||    23
       Fruit             |       |     3 |     1 |       ||     4
       Beef jerky        |       |       |     3 |       ||     3
       Meat ration       |       |       |     3 |     1 ||     4
       Pizza             |       |       |       |     3 ||     3
